AoeStats
← bpaquereau

Lombardia

509075023Analyzed
4v4 RM · 8d ago on Sep 25, 2026· 51m 0s· 8 players
Game mode
Random Map
Map size
Large (8 player)
Population
200
Speed
Normal
Resources
Standard
Victory
Conquest
Starting age
Dark Age
Ending age
Imperial Age
RankedLock teamsTeams togetherTeam positionsShared explorationLock speedFull tech treeHidden civsTurbo modeCheats
Victory
Defeat
🇦🇺 Persians · Australia
1100
+15
🇦🇺 Franks · Australia
1099
+15
🇦🇺 Slavs · Australia
1089
+16
🇬🇧 Varangians · United Kingdom
1089
+16
🇫🇷 Japanese · France
1110
-17
🇮🇹 Varangians · Italy
1096
-16
🇰🇼 Koreans · Kuwait
1083
-15
🇨🇳 Ethiopians · China
1048
-14
若叶睦
11:32 Feudal Age
16:24 Castle Age
14:13 Horse Collar
14:20 Double-Bit Axe
15:15 Stone Mining
17:58 Bow Saw
18:10 Heavy Plow
21:27 Wheelbarrow
21:50 Gold Mining
27:25 Hand Cart
30:34 Imperial Age
28:37 Scale Mail Armor
28:48 Forging
28:39 Padded Archer Armor
28:29 Fletching
30:14 Gold Shaft Mining
29:54 Crossbowman
31:50 Arbalester
34:09 Two-Man Saw
33:34 Halberdier
34:14 Squires
34:53 Iron Casting
34:34 Chain Mail Armor
34:34 Leather Archer Armor
35:17 Ballistics
35:59 Chemistry
36:54 Conscription
38:19 Thumb Ring
38:53 Ring Archer Armor
38:18 Bodkin Arrow
38:54 Plate Mail Armor
39:24 Blast Furnace
41:23 Bracer
45:15 Siege Engineers
Clubnarghy
6:41 Loom
11:40 Feudal Age
12:22 Double-Bit Axe
18:11 Castle Age
16:56 Stone Mining
16:56 Gold Mining
19:50 Wheelbarrow
19:01 Town Watch
19:27 Bow Saw
19:00 Horse Collar
19:42 Heavy Plow
20:21 Pikeman
22:41 Forging
25:58 Stone Shaft Mining
27:06 Hand Cart
28:07 Caravan
29:14 Town Patrol
34:37 Imperial Age
32:48 Scale Barding Armor
35:20 Halberdier
37:41 Two-Man Saw
37:35 Crop Rotation
36:46 Elite Jarl
38:39 Conscription
38:58 Iron Casting
38:45 Chain Barding Armor
38:16 Fletching
39:57 Squires
41:33 Husbandry
41:44 Bloodlines
43:04 Blast Furnace
42:40 Plate Barding Armor
42:01 Bodkin Arrow
46:09 Elite Varangian Guard
47:19 Ballistics
47:12 Masonry
bpaquereau
5:47 Loom
10:52 Feudal Age
11:37 Double-Bit Axe
11:34 Horse Collar
12:03 Man-at-Arms
17:28 Castle Age
15:39 Gold Mining
18:44 Bow Saw
18:37 Heavy Plow
20:25 Wheelbarrow
23:25 Hand Cart
24:09 Gold Shaft Mining
26:17 Stone Mining
29:39 Forging
29:30 Scale Mail Armor
29:27 Fletching
29:21 Treadmill Crane
29:31 Guard Tower
30:02 Ballistics
32:57 Imperial Age
30:34 Bodkin Arrow
31:08 Scale Mail Armor
32:10 Chain Mail Armor
32:06 Forging
32:06 Squires
31:52 Arson
32:12 Pikeman
33:29 Iron Casting
33:17 Ballistics
34:04 Masonry
35:05 Two-Man Saw
34:40 Plate Mail Armor
34:02 Halberdier
35:52 Chemistry
35:36 Conscription
36:19 Blast Furnace
36:22 Bracer
36:22 Padded Archer Armor
37:33 Keep
37:24 Yasama
38:29 Leather Archer Armor
40:35 Hoardings
39:48 Arrowslits
40:14 Fortified Wall
44:36 Coinage
Poster3542
6:47 Loom
10:41 Feudal Age
16:55 Castle Age
16:40 Double-Bit Axe
16:44 Horse Collar
16:57 Gold Mining
23:13 Wheelbarrow
22:28 Town Watch
26:42 Hand Cart
30:10 Imperial Age
28:02 Fortified Wall
28:48 Caravan
29:20 Stone Mining
30:22 Squires
31:10 Arson
31:49 Town Patrol
31:53 Scale Mail Armor
31:43 Fletching
32:37 Fervor
32:42 Forging
33:28 Conscription
33:09 Eupseong
32:41 Elite Fire Lancer
33:59 Chain Mail Armor
34:53 Iron Casting
34:14 Bodkin Arrow
34:14 Treadmill Crane
35:35 Chemistry
34:20 Arrowslits
35:58 Plate Mail Armor
38:55 Bracer
39:48 Bow Saw
39:44 Heavy Plow
41:01 Gold Shaft Mining
41:01 Stone Shaft Mining
39:49 Pikeman
42:04 Sanctity
43:46 Halberdier
SammyDiamonds
8:30 Loom
10:44 Feudal Age
13:40 Double-Bit Axe
16:08 Castle Age
16:56 Bloodlines
22:14 Horse Collar
24:26 Bow Saw
24:35 Heavy Plow
26:01 Wheelbarrow
27:39 Scale Barding Armor
31:04 Forging
34:43 Imperial Age
32:03 Town Watch
33:23 Fortified Wall
33:16 Gold Mining
33:20 Stone Mining
35:05 Elite Jarl
36:56 Chain Barding Armor
37:34 Conscription
40:57 Plate Barding Armor
40:58 Iron Casting
39:49 Cavalier
40:30 Husbandry
40:58 Vendel Legacy
42:37 Hand Cart
41:50 Capped Ram
42:41 Siege Ram
c r v w l e y
10:24 Feudal Age
14:36 Castle Age
13:05 Double-Bit Axe
13:54 Horse Collar
16:00 Bow Saw
15:54 Heavy Plow
21:24 Wheelbarrow
22:14 Hand Cart
21:45 Loom
22:15 Gold Mining
22:15 Stone Mining
29:28 Imperial Age
27:13 Bloodlines
27:04 Husbandry
26:54 Town Watch
27:35 Scale Barding Armor
28:48 Chain Barding Armor
28:39 Forging
29:30 Cavalier
30:50 Plate Barding Armor
30:57 Gold Shaft Mining
30:57 Stone Shaft Mining
30:53 Conscription
31:37 Iron Casting
32:10 Crop Rotation
31:32 Savar
32:32 Caravan
34:17 Blast Furnace
33:57 Devotion
36:27 Fletching
36:37 Padded Archer Armor
37:44 Chemistry
37:14 Ballistics
37:28 Thumb Ring
36:44 Crossbowman
37:36 Kamandaran
38:20 Bodkin Arrow
38:40 Leather Archer Armor
42:10 Citadels
42:36 Hoardings
43:36 Ring Archer Armor
45:57 Town Patrol
Mr. Takoyaki-san
3:55 Loom
12:19 Feudal Age
16:52 Castle Age
16:03 Double-Bit Axe
18:08 Wheelbarrow
20:24 Hand Cart
23:56 Bow Saw
24:00 Gold Mining
24:01 Stone Mining
33:29 Imperial Age
33:35 Imperial Age
32:23 Gold Shaft Mining
32:24 Fortified Wall
32:10 Murder Holes
31:59 Treadmill Crane
32:32 Husbandry
32:40 Scale Barding Armor
32:47 Forging
33:06 Caravan
34:06 Chain Barding Armor
34:04 Cavalier
35:33 Iron Casting
35:35 Paladin
37:15 Plate Barding Armor
37:41 Blast Furnace
37:03 Conscription
43:47 Scale Mail Armor
ants
11:27 Feudal Age
17:15 Castle Age
19:52 Horse Collar
20:03 Double-Bit Axe
25:34 Caravan
26:23 Wheelbarrow
27:08 Bow Saw
26:58 Gold Mining
28:32 Hand Cart
30:19 Heavy Plow
32:58 Imperial Age
31:23 Elite Skirmisher
31:39 Pikeman
32:20 Squires
31:47 Man-at-Arms
33:43 Halberdier
35:05 Gold Shaft Mining
35:35 Two-Man Saw
35:07 Crop Rotation
35:39 Forging
35:30 Padded Archer Armor
35:21 Fletching
35:38 Scale Barding Armor
35:36 Scale Mail Armor
35:44 Capped Ram
35:46 Onager
37:03 Siege Ram
38:10 Bodkin Arrow
38:30 Leather Archer Armor
38:51 Iron Casting
38:32 Chain Mail Armor
41:13 Ring Archer Armor
45:08 Blast Furnace
44:38 Plate Mail Armor
46:07 Ballistics
46:49 Chemistry
46:04 Fortified Wall
49:44 Redemption
49:50 Block Printing
Connection lost

Rejoining the realm…

Still unreachable

The connection could not be restored.

Session expired

The server has moved on; the page needs a fresh start.